Carnivores vs Saguenéens
Created - January 28, 2019 at 07:10
Goals
|
| Carnivores |
0 |
2 |
0 |
2 |
| Saguenéens |
1 |
3 |
3 |
7 |
|
Shots
|
| Carnivores |
7 |
15 |
3 |
25 |
| Saguenéens |
7 |
15 |
20 |
42 |
|
1st period
1. Saguenéens , Dalton Prout 1 (Craig Cunningham 7, Luke Witkowski 40) at 13:11 (PP)
Penalties :
Josh Manson (Bre) for Holding (Minor) at 3:44, Nicolas Kerdiles (Bre) for Slashing (Minor) at 13:00, Josh Manson (Bre) for Hooking (Minor) at 17:15
2nd period
2. Carnivores , Jeremy Williams 24 (Blake Geoffrion 31, Sasha Pokulok 17) at 12:37
3. Carnivores , Hunter Shinkaruk 4 (Blake Geoffrion 32, Frederik Gauthier 3) at 16:18
4. Saguenéens , Kyle Brodziak 21 (Luke Witkowski 41) at 18:47 (PP)
5. Saguenéens , Kyle Brodziak 22 (Luke Witkowski 42) at 18:53
6. Saguenéens , Teemu Pulkkinen 8 (Tobias Rieder 23, Juraj Mikus 24) at 19:23
Penalties :
Patrick Sieloff (Chi) for Slashing (Minor) at 1:45, David Schlemko (Bre) for Interference (Minor) at 4:30, Kerby Rychel (Chi) for Hooking (Minor) at 7:16, Dalton Prout (Chi) for Hooking (Minor) at 13:07, Luke Witkowski (Chi) for Holding (Minor) at 16:24, David Schlemko (Bre) for Tripping (Minor) at 18:42
3rd period
7. Saguenéens , Luke Witkowski 28 (Craig Cunningham 8, Kyle Brodziak 23) at 12:07
8. Saguenéens , Seth Jones 5 (Kyle Brodziak 24) at 13:02 (PP)
9. Saguenéens , Luke Witkowski 29 (Kyle Brodziak 25) at 19:31 (PP)
Penalties :
Mark McNeill (Bre) for Hooking (Minor) at 13:00, Zack Smith (Bre) for Cross-checking (Minor) at 14:06, Mark McNeill (Bre) for Holding Stick (Minor) at 19:26, Markus Granlund (Bre) for Hooking (Minor) at 19:51
Goalie Stats
Tristan Jarry (Bre), 35 saves from 42 shots - (0.833), L, 2-6-0, 60:00 minutes
Martin Jones (Chi), 23 saves from 25 shots - (0.920), W, 18-10-5, 60:00 minutes
Players Stats for Carnivores
Player Name G A P +/- PIM S H SB GA TA FO MP PP MP PK MP
------------------------------------------------------------------------------------
Adam Almquist 0 0 0 0 0 0 0 0 0 0 0/0 3:10 0:00 0:00
Anton Gustafsson 0 0 0 -1 0 3 2 1 0 1 20/32 17:25 4:09 0:00
Blake Geoffrion 0 2 2 0 0 4 2 2 0 0 1/2 21:46 4:09 0:00
Chris Lawrence 0 0 0 -1 0 0 4 0 2 1 1/4 16:45 0:00 4:33
Curtis Lazar 0 0 0 0 0 0 0 0 0 0 1/2 1:46 0:00 0:00
David Schlemko 0 0 0 1 4 0 0 0 0 1 0/0 16:07 3:29 3:22
Frederik Gauthier 0 1 1 1 0 1 0 1 0 1 3/10 9:57 0:00 4:42
Hunter Shinkaruk 1 0 1 1 0 1 0 1 0 0 0/0 8:30 0:00 1:03
Jeremy Welsh 0 0 0 -1 0 1 4 0 0 0 0/0 16:29 3:47 0:00
Jeremy Williams 1 0 1 -1 0 5 0 0 0 0 1/1 19:33 3:47 2:25
Josh Manson 0 0 0 0 4 0 0 1 0 0 0/0 13:07 0:00 0:10
Mark McNeill 0 0 0 0 4 1 0 0 0 0 0/1 14:14 4:09 0:00
Markus Granlund 0 0 0 -1 2 1 0 0 0 0 7/10 19:29 3:47 0:49
Mat Clark 0 0 0 0 0 1 1 1 0 1 0/0 21:11 3:29 4:19
Mattias Backman 0 0 0 1 0 0 0 0 0 0 0/0 9:11 0:00 0:47
Nate Schmidt 0 0 0 -2 0 1 2 3 0 0 0/0 29:47 4:27 4:08
Nicolas Kerdiles 0 0 0 0 2 3 0 0 2 0 0/0 13:33 0:00 3:22
Sasha Pokulok 0 1 1 -2 0 0 1 1 0 1 0/0 27:27 4:27 4:08
Zack Smith 0 0 0 0 2 3 0 0 0 0 2/5 11:57 0:00 0:00
Players Stats for Saguenéens
Player Name G A P +/- PIM S H SB GA TA FO MP PP MP PK MP
------------------------------------------------------------------------------------
Adam Erne 0 0 0 0 0 0 0 0 0 0 0/0 0:00 0:00 0:00
Bobby Sanguinetti 0 0 0 1 0 2 0 2 0 0 0/0 27:25 4:22 4:45
Craig Cunningham 0 2 2 0 0 4 0 0 1 0 0/0 19:48 4:41 1:28
Dalton Prout 1 0 1 0 2 3 3 0 1 0 0/0 26:37 4:22 3:25
Henrik Samuelsson 0 0 0 0 0 0 0 0 0 0 0/0 0:43 0:09 0:00
Jake McCabe 0 0 0 1 0 1 0 0 0 0 0/0 9:29 0:00 0:00
Jerry D'Amigo 0 0 0 0 0 2 0 0 0 1 0/0 6:41 0:07 0:00
Juraj Mikus 0 1 1 1 0 1 1 0 1 0 4/7 17:10 3:37 2:08
Kerby Rychel 0 0 0 0 2 1 3 0 0 0 1/1 11:56 0:00 0:00
Kyle Brodziak 2 3 5 0 0 6 2 2 1 0 21/45 23:03 4:43 4:39
Luke Witkowski 2 3 5 0 2 7 2 1 1 1 2/2 21:53 4:43 3:29
Mattias Janmark 0 0 0 0 0 0 0 0 0 0 0/0 0:38 0:07 0:00
Mike Sauer 0 0 0 0 0 3 2 2 0 0 0/0 20:26 4:05 3:11
Mikhail Grigorenko 0 0 0 0 0 0 0 0 0 0 0/1 1:51 0:00 1:50
Myles Bell 0 0 0 0 0 0 0 0 0 0 0/0 6:03 0:00 0:00
Nathan MacKinnon 0 0 0 0 0 1 1 0 0 0 0/4 11:56 0:00 0:00
Nick Mattson 0 0 0 1 0 0 1 0 0 0 0/0 11:20 0:00 1:20
Nick Paul 0 0 0 0 0 0 0 0 0 0 0/0 0:00 0:00 0:00
Patrick Sieloff 0 0 0 -1 2 0 0 2 0 1 0/0 5:20 0:00 0:00
Rhett Rakhshani 0 0 0 0 0 3 1 1 0 0 2/4 11:56 0:00 0:00
Seth Jones 1 0 1 0 0 3 0 2 0 1 0/0 20:26 4:05 3:11
Tanner Richard 0 0 0 0 0 1 3 0 0 0 1/2 6:03 0:00 0:00
Teemu Pulkkinen 1 0 1 1 0 2 0 0 0 0 0/0 14:06 3:37 0:10
Tobias Rieder 0 1 1 1 0 2 3 0 1 0 0/1 17:10 3:37 2:08
3 Stars
1 - Kyle Brodziak (Chi)
2 - Luke Witkowski (Chi)
3 - Teemu Pulkkinen (Chi)
Power Play
Carnivores - 0 on 4 Attempt(s) - 0.00%
Saguenéens - 4 on 9 Attempt(s) - 44.44%
Penalty Kill
Carnivores - 5 on 9 Attempt(s) - 55.56%
- Score 0 goal in Penalty Kill
Saguenéens - 4 on 4 Attempt(s) - 100.00%
- Score 0 goal in Penalty Kill
Team Stat
Carnivores - Hits : 16 - Faceoff Wins : 36 - Blocked Shots : 11 - Penalty Minutes : 18
Saguenéens - Hits : 22 - Faceoff Wins : 31 - Blocked Shots : 12 - Penalty Minutes : 8
Official
Referees : Unknown
Linesman : Unknown
Game Notes
No Game Note
Finance
Level 1 -- Attendance: 1442 (72.10%) -- Ticket Income $57,680
Level 2 -- Attendance: 807 (80.70%) -- Ticket Income $16,140
Total Attendance: 2249 (74.97%)
Total Ticket Income: $73,820
Other Income: $3,691
Total Income: $77,511
Carnivores
5 vs 5 Forward
Center Left Wing Right Wing Time % Phy DF OF
1 Anton Gustafsson Blake Geoffrion Jeremy Williams 40 1 2 2
2 Markus Granlund Jeremy Welsh Chris Lawrence 30 1 2 2
3 Zack Smith Nicolas Kerdiles Mark McNeill 20 1 2 2
4 Frederik Gauthier Hunter Shinkaruk Blake Geoffrion 10 1 2 2
5 vs 5 Defense
Defense Defense Time % Phy DF OF
1 Sasha Pokulok Nate Schmidt 40 1 2 2
2 Mat Clark Josh Manson 30 1 2 2
3 David Schlemko Mattias Backman 20 1 2 2
4 Adam Almquist Nate Schmidt 10 1 2 2
PowerPlay Forward
Center Left Wing Right Wing Time % Phy DF OF
1 Anton Gustafsson Blake Geoffrion Mark McNeill 60 1 2 2
2 Markus Granlund Jeremy Welsh Jeremy Williams 40 1 2 2
PowerPlay Defense
Defense Defense Time % Phy DF OF
1 Sasha Pokulok Nate Schmidt 60 1 2 2
2 Mat Clark David Schlemko 40 1 2 2
Penalty Kill 4 Players Forward
Center Wing Time % Phy DF OF
1 Frederik Gauthier Chris Lawrence 60 1 2 2
2 Jeremy Williams Nicolas Kerdiles 40 1 2 2
Penalty Kill 4 Players Defense
Defense Defense Time % Phy DF OF
1 Sasha Pokulok Nate Schmidt 60 1 2 2
2 Mat Clark David Schlemko 40 1 2 2
Penalty Kill - 3 Players Forward
Forward Time % Phy DF OF
1 Chris Lawrence 60 1 2 2
2 Curtis Lazar 40 1 2 2
Penalty Kill - 3 Players Defense
Defense Defense Time % Phy DF OF
1 Sasha Pokulok Nate Schmidt 60 1 2 2
2 Mat Clark David Schlemko 40 1 2 2
4 vs 4 Forward
Center Wing Time % Phy DF OF
1 Markus Granlund Blake Geoffrion 60 1 2 2
2 Zack Smith Nicolas Kerdiles 40 1 2 2
4 vs 4 Defense
Defense Defense Time % Phy DF OF
1 Nate Schmidt Mat Clark 60 1 2 2
2 Sasha Pokulok Josh Manson 40 1 2 2
Last Minutes Offensive
Center Left Wing Right Wing Defense Defense
Markus Granlund Blake Geoffrion Jeremy Williams Nate Schmidt Mat Clark
Last Minutes Defensive
Center Left Wing Right Wing Defense Defense
Zack Smith Blake Geoffrion Jeremy Williams Nate Schmidt Mat Clark
Goaltenders
Starting : Tristan Jarry
Backup : Antti Raanta
Extra Forwards
Normal : Curtis Lazar, Markus Granlund, Nicolas Kerdiles - PP : Curtis Lazar, Nicolas Kerdiles - PK : Nicolas Kerdiles
Extra Defensemen
Normal : Adam Almquist, Mattias Backman, Sasha Pokulok - PP : Adam Almquist - PK : Mattias Backman, Sasha Pokulok
Penalty Shots
Blake Geoffrion, Anton Gustafsson, Jeremy Williams, Hunter Shinkaruk, Zack Smith
Scratches
Connor Clifton (Healthy), Stanislav Galiev (Healthy), Mark MacMillan (Healthy), Tyler Graovac (Healthy), Troy Bourke (Healthy)
Alexandre Mallet (Healthy), Michael Schumacher (Healthy), T.J Brodie (Sprained Right Knee Injury), Niklas Svedberg (Healthy)
Saguenéens
5 vs 5 Forward
Center Left Wing Right Wing Time % Phy DF OF
1 Kyle Brodziak Craig Cunningham Luke Witkowski 40 1 2 2
2 Juraj Mikus Teemu Pulkkinen Tobias Rieder 30 1 2 2
3 Nathan MacKinnon Kerby Rychel Rhett Rakhshani 20 1 2 2
4 Tanner Richard Myles Bell Jerry D'Amigo 10 1 2 2
5 vs 5 Defense
Defense Defense Time % Phy DF OF
1 Dalton Prout Bobby Sanguinetti 40 1 2 2
2 Mike Sauer Seth Jones 30 1 2 2
3 Jake McCabe Nick Mattson 20 1 2 2
4 Patrick Sieloff Dalton Prout 10 1 2 2
PowerPlay Forward
Center Left Wing Right Wing Time % Phy DF OF
1 Kyle Brodziak Craig Cunningham Luke Witkowski 60 1 2 2
2 Juraj Mikus Teemu Pulkkinen Tobias Rieder 40 1 2 2
PowerPlay Defense
Defense Defense Time % Phy DF OF
1 Dalton Prout Bobby Sanguinetti 60 1 2 2
2 Mike Sauer Seth Jones 40 1 2 2
Penalty Kill 4 Players Forward
Center Wing Time % Phy DF OF
1 Kyle Brodziak Luke Witkowski 60 1 2 2
2 Tobias Rieder Juraj Mikus 40 1 2 2
Penalty Kill 4 Players Defense
Defense Defense Time % Phy DF OF
1 Dalton Prout Bobby Sanguinetti 60 1 2 2
2 Mike Sauer Seth Jones 40 1 2 2
Penalty Kill - 3 Players Forward
Forward Time % Phy DF OF
1 Kyle Brodziak 60 1 2 2
2 Luke Witkowski 40 1 2 2
Penalty Kill - 3 Players Defense
Defense Defense Time % Phy DF OF
1 Dalton Prout Bobby Sanguinetti 60 1 2 2
2 Mike Sauer Seth Jones 40 1 2 2
4 vs 4 Forward
Center Wing Time % Phy DF OF
1 Kyle Brodziak Luke Witkowski 60 1 2 2
2 Tobias Rieder Juraj Mikus 40 1 2 2
4 vs 4 Defense
Defense Defense Time % Phy DF OF
1 Dalton Prout Bobby Sanguinetti 60 1 2 2
2 Mike Sauer Seth Jones 40 1 2 2
Last Minutes Offensive
Center Left Wing Right Wing Defense Defense
Kyle Brodziak Craig Cunningham Luke Witkowski Dalton Prout Bobby Sanguinetti
Last Minutes Defensive
Center Left Wing Right Wing Defense Defense
Kyle Brodziak Craig Cunningham Luke Witkowski Dalton Prout Bobby Sanguinetti
Goaltenders
Starting : Martin Jones
Backup : Joe Cannata
Extra Forwards
Normal : Henrik Samuelsson, Mattias Janmark, Mikhail Grigorenko - PP : Henrik Samuelsson, Mattias Janmark - PK : Mikhail Grigorenko
Extra Defensemen
Normal : Jake McCabe, Nick Mattson, Patrick Sieloff - PP : Jake McCabe - PK : Nick Mattson, Patrick Sieloff
Penalty Shots
Kyle Brodziak, Luke Witkowski, Tobias Rieder, Juraj Mikus, Rhett Rakhshani
Scratches
Dylan Labbe (Healthy), Carl Hagelin (Healthy), Calle Andersson (Healthy)
% Time on Ice - Carnivores
Lines # - Real PCT - Wanted PCT - Time Play
Normal Forward
1 - 35% - 40% - 15:28
2 - 29% - 30% - 12:42
3 - 23% - 20% - 10:12
4 - 12% - 10% - 5:15
Normal Defense
1 - 43% - 40% - 18:52
2 - 32% - 30% - 14:01
3 - 19% - 20% - 8:24
4 - 5% - 10% - 2:20
PP Forward
1 - 52% - 60% - 4:09
2 - 48% - 40% - 3:47
PP Defense
1 - 56% - 60% - 4:27
2 - 44% - 40% - 3:29
PK Forward
1 - 71% - 60% - 6:02
2 - 29% - 40% - 2:25
PK Defense
1 - 49% - 60% - 4:08
2 - 51% - 40% - 4:19
PK3 Forward
1 - 0% - 60%
2 - 0% - 40%
PK3 Defense
1 - 0% - 60%
2 - 0% - 40%
44 Forward
1 - 0% - 60%
2 - 0% - 40%
44 Defense
1 - 0% - 60%
2 - 0% - 40%
Last Minute Offensive - 0:00
Last Minute Defensive - 0:00
Total
Forward - 60:00
Defense - 60:00
|
% Time on Ice - Saguenéens
Lines # - Real PCT - Wanted PCT - Time Play
Normal Forward
1 - 31% - 40% - 13:42
2 - 27% - 30% - 11:56
3 - 27% - 20% - 11:56
4 - 14% - 10% - 6:03
Normal Defense
1 - 42% - 40% - 18:18
2 - 30% - 30% - 13:10
3 - 21% - 20% - 9:14
4 - 7% - 10% - 2:55
PP Forward
1 - 57% - 60% - 4:49
2 - 43% - 40% - 3:38
PP Defense
1 - 52% - 60% - 4:22
2 - 48% - 40% - 4:05
PK Forward
1 - 73% - 60% - 5:48
2 - 27% - 40% - 2:08
PK Defense
1 - 60% - 60% - 4:45
2 - 40% - 40% - 3:11
PK3 Forward
1 - 0% - 60%
2 - 0% - 40%
PK3 Defense
1 - 0% - 60%
2 - 0% - 40%
44 Forward
1 - 0% - 60%
2 - 0% - 40%
44 Defense
1 - 0% - 60%
2 - 0% - 40%
Last Minute Offensive - 0:00
Last Minute Defensive - 0:00
Total
Forward - 60:00
Defense - 60:00
|
Play-by-Play
1st period
0:01 of 1st period - Anton Gustafsson wins face-off versus Kyle Brodziak in neutral zone.
0:04 of 1st period - Snap shot by Jeremy Williams.
0:04 of 1st period - Stopped by Martin Jones with a rebound.
0:34 of 1st period - Off-side.
0:35 of 1st period - Kerby Rychel wins face-off versus Mark McNeill in neutral zone.
1:30 of 1st period - Wrist shot by Kyle Brodziak.
1:30 of 1st period - Deflect By David Schlemko.
1:30 of 1st period - Stopped by Tristan Jarry with a rebound.
2:36 of 1st period - Dalton Prout is hit by Sasha Pokulok and loses puck.
2:49 of 1st period - Snap shot by Blake Geoffrion.
2:49 of 1st period - Shot Misses the Net.
3:32 of 1st period - Markus Granlund is hit by Kerby Rychel and loses puck.
3:44 of 1st period - Minor Penalty to Josh Manson for Holding.
3:45 of 1st period - Kyle Brodziak wins face-off versus Chris Lawrence in Carnivores zone.
3:56 of 1st period - Wrist shot by Kyle Brodziak.
3:56 of 1st period - Shot Misses the Net.
3:58 of 1st period - Slapshot by Dalton Prout.
3:58 of 1st period - Deflect By Luke Witkowski.
3:58 of 1st period - Stopped by Tristan Jarry with a rebound.
4:51 of 1st period - Nate Schmidt is hit by Mike Sauer and loses puck.
5:44 of 1st period - Penalty to Josh Manson is over, Josh Manson is back on ice.
6:02 of 1st period - Zack Smith is hit by Kerby Rychel and loses puck.
6:15 of 1st period - Snap shot by Anton Gustafsson.
6:15 of 1st period - Shot Misses the Net.
8:36 of 1st period - Icing by Luke Witkowski.
8:37 of 1st period - Zack Smith wins face-off versus Tanner Richard in Saguenéens zone.
8:58 of 1st period - Wrist shot by Blake Geoffrion.
8:58 of 1st period - Deflect By Bobby Sanguinetti.
8:58 of 1st period - Stopped by Martin Jones with a rebound.
9:04 of 1st period - Backhand shot by Blake Geoffrion.
9:04 of 1st period - Shot Blocked by Patrick Sieloff.
10:00 of 1st period - Snap shot by Nicolas Kerdiles.
10:00 of 1st period - Stopped by Martin Jones with a rebound.
10:16 of 1st period - Jeremy Williams is hit by Luke Witkowski.
10:31 of 1st period - Teemu Pulkkinen is hit by Nate Schmidt and loses puck.
10:40 of 1st period - Jake McCabe is hit by Chris Lawrence.
10:56 of 1st period - Nicolas Kerdiles is hit by Tanner Richard.
11:10 of 1st period - Snap shot by Nathan MacKinnon.
11:10 of 1st period - Deflect By Kerby Rychel.
11:10 of 1st period - Shot Blocked by Frederik Gauthier.
11:10 of 1st period - Puck is out of play.
11:11 of 1st period - Markus Granlund wins face-off versus Nathan MacKinnon in Carnivores zone.
11:22 of 1st period - Mike Sauer is hit by Chris Lawrence and loses puck.
11:41 of 1st period - Slapshot by Luke Witkowski.
11:41 of 1st period - Stopped by Tristan Jarry with a rebound.
11:43 of 1st period - Snap shot by Mike Sauer.
11:43 of 1st period - Shot Misses the Net.
11:45 of 1st period - Snap shot by Seth Jones.
11:45 of 1st period - Shot Blocked by Josh Manson.
11:47 of 1st period - Wrist shot by Craig Cunningham.
11:47 of 1st period - Stopped by Tristan Jarry without a rebound.
11:48 of 1st period - Chris Lawrence wins face-off versus Kyle Brodziak in Carnivores zone.
11:48 of 1st period - Chris Lawrence is hit by Luke Witkowski.
11:54 of 1st period - Craig Cunningham is hit by Chris Lawrence and loses puck.
12:01 of 1st period - Slapshot by Luke Witkowski.
12:01 of 1st period - Stopped by Tristan Jarry without a rebound.
12:02 of 1st period - Anton Gustafsson wins face-off versus Juraj Mikus in Carnivores zone.
12:32 of 1st period - Snap shot by Luke Witkowski.
12:32 of 1st period - Shot Blocked by Nate Schmidt.
12:52 of 1st period - Sasha Pokulok is hit by Rhett Rakhshani and loses puck.
13:00 of 1st period - Minor Penalty to Nicolas Kerdiles for Slashing.
13:01 of 1st period - Kyle Brodziak wins face-off versus Frederik Gauthier in Carnivores zone.
13:09 of 1st period - Snap shot by Craig Cunningham.
13:09 of 1st period - Shot Misses the Net.
13:11 of 1st period - Slapshot by Dalton Prout.
13:11 of 1st period - Goal by Dalton Prout - Carnivores : 0 - Saguenéens : 1.
13:12 of 1st period - Anton Gustafsson wins face-off versus Kyle Brodziak in neutral zone.
13:37 of 1st period - Sasha Pokulok is hit by Mike Sauer and loses puck.
14:00 of 1st period - Icing by Josh Manson.
14:01 of 1st period - Rhett Rakhshani wins face-off versus Zack Smith in Carnivores zone.
14:13 of 1st period - Off-side.
14:14 of 1st period - Anton Gustafsson wins face-off versus Kyle Brodziak in neutral zone.
14:54 of 1st period - Mark McNeill is hit by Tobias Rieder and loses puck.
15:46 of 1st period - Nate Schmidt is hit by Tanner Richard and loses puck.
16:19 of 1st period - Wrist shot by Zack Smith.
16:19 of 1st period - Stopped by Martin Jones without a rebound.
16:20 of 1st period - Kyle Brodziak wins face-off versus Zack Smith in Saguenéens zone.
16:32 of 1st period - Off-side.
16:33 of 1st period - Anton Gustafsson wins face-off versus Kyle Brodziak in neutral zone.
16:38 of 1st period - Slapshot by Anton Gustafsson.
16:38 of 1st period - Shot Blocked by Patrick Sieloff.
17:07 of 1st period - Wrist shot by Juraj Mikus.
17:07 of 1st period - Shot Misses the Net.
17:09 of 1st period - Slapshot by Tobias Rieder.
17:09 of 1st period - Shot Blocked by Mat Clark.
17:15 of 1st period - Minor Penalty to Josh Manson for Hooking.
17:16 of 1st period - Frederik Gauthier wins face-off versus Kyle Brodziak in Carnivores zone.
18:22 of 1st period - Snap shot by Nicolas Kerdiles.
18:22 of 1st period - Shot Misses the Net.
18:24 of 1st period - Slapshot by Nicolas Kerdiles.
18:24 of 1st period - Stopped by Martin Jones with a rebound.
18:26 of 1st period - Snap shot by Nicolas Kerdiles.
18:26 of 1st period - Stopped by Martin Jones with a rebound.
18:28 of 1st period - Slapshot by Mat Clark.
18:28 of 1st period - Stopped by Martin Jones with a rebound.
19:15 of 1st period - Penalty to Josh Manson is over, Josh Manson is back on ice.
19:24 of 1st period - Nate Schmidt is hit by Kerby Rychel and loses puck.
19:50 of 1st period - Slapshot by Myles Bell.
19:50 of 1st period - Shot Misses the Net.
19:52 of 1st period - Slapshot by Patrick Sieloff.
19:52 of 1st period - Shot Misses the Net.
19:54 of 1st period - Snap shot by Jerry D'Amigo.
19:54 of 1st period - Stopped by Tristan Jarry with a rebound.
Goals for this period are 0 for Carnivores vs 1 for Saguenéens.
Shots for this period are 7 for Carnivores vs 7 for Saguenéens.
2nd period
0:01 of 2nd period - Anton Gustafsson wins face-off versus Kyle Brodziak in neutral zone.
0:08 of 2nd period - Snap shot by Blake Geoffrion.
0:08 of 2nd period - Shot Misses the Net.
0:36 of 2nd period - Jeremy Welsh is hit by Dalton Prout.
1:07 of 2nd period - Sasha Pokulok is hit by Tanner Richard.
1:11 of 2nd period - Slapshot by Nick Mattson.
1:11 of 2nd period - Shot Blocked by Blake Geoffrion.
1:37 of 2nd period - Wrist shot by Teemu Pulkkinen.
1:37 of 2nd period - Stopped by Tristan Jarry without a rebound.
1:38 of 2nd period - Markus Granlund wins face-off versus Kyle Brodziak in Carnivores zone.
1:38 of 2nd period - Markus Granlund is hit by Kyle Brodziak.
1:45 of 2nd period - Minor Penalty to Patrick Sieloff for Slashing.
1:46 of 2nd period - Anton Gustafsson wins face-off versus Kyle Brodziak in Saguenéens zone.
1:49 of 2nd period - Snap shot by Anton Gustafsson.
1:49 of 2nd period - Shot Misses the Net.
2:31 of 2nd period - Mike Sauer is hit by Anton Gustafsson.
3:45 of 2nd period - Penalty to Patrick Sieloff is over, Patrick Sieloff is back on ice.
4:12 of 2nd period - Snap shot by Tobias Rieder.
4:12 of 2nd period - Shot Blocked by Hunter Shinkaruk.
4:14 of 2nd period - Slapshot by Seth Jones.
4:14 of 2nd period - Deflect By Hunter Shinkaruk.
4:14 of 2nd period - Stopped by Tristan Jarry with a rebound.
4:16 of 2nd period - Slapshot by Mike Sauer.
4:16 of 2nd period - Shot Misses the Net.
4:18 of 2nd period - Wrist shot by Juraj Mikus.
4:18 of 2nd period - Stopped by Tristan Jarry with a rebound.
4:22 of 2nd period - Backhand shot by Tobias Rieder.
4:22 of 2nd period - Stopped by Tristan Jarry without a rebound.
4:23 of 2nd period - Rhett Rakhshani wins face-off versus Markus Granlund in Carnivores zone.
4:26 of 2nd period - Snap shot by Rhett Rakhshani.
4:26 of 2nd period - Stopped by Tristan Jarry without a rebound.
4:27 of 2nd period - Markus Granlund wins face-off versus Rhett Rakhshani in Carnivores zone.
4:27 of 2nd period - Markus Granlund is hit by Nick Mattson.
4:30 of 2nd period - Minor Penalty to David Schlemko for Interference.
4:31 of 2nd period - Frederik Gauthier wins face-off versus Kyle Brodziak in Carnivores zone.
4:41 of 2nd period - Snap shot by Craig Cunningham.
4:41 of 2nd period - Stopped by Tristan Jarry with a rebound.
4:43 of 2nd period - Snap shot by Luke Witkowski.
4:43 of 2nd period - Shot Misses the Net.
5:50 of 2nd period - Bobby Sanguinetti is hit by Nate Schmidt and loses puck.
6:15 of 2nd period - Mat Clark is hit by Tobias Rieder.
6:30 of 2nd period - Penalty to David Schlemko is over, David Schlemko is back on ice.
6:39 of 2nd period - Wrist shot by Blake Geoffrion.
6:39 of 2nd period - Shot Misses the Net.
6:49 of 2nd period - Jerry D'Amigo is hit by Jeremy Welsh and loses puck.
6:54 of 2nd period - Slapshot by Mat Clark.
6:54 of 2nd period - Shot Blocked by Seth Jones.
6:56 of 2nd period - Slapshot by Mat Clark.
6:56 of 2nd period - Shot Blocked by Mike Sauer.
6:58 of 2nd period - Slapshot by Josh Manson.
6:58 of 2nd period - Deflect By Jeremy Welsh.
6:58 of 2nd period - Stopped by Martin Jones with a rebound.
7:00 of 2nd period - Slapshot by Josh Manson.
7:00 of 2nd period - Deflect By Markus Granlund.
7:00 of 2nd period - Shot Misses the Net.
7:00 of 2nd period - Puck is out of play.
7:01 of 2nd period - Anton Gustafsson wins face-off versus Nathan MacKinnon in Saguenéens zone.
7:04 of 2nd period - Snap shot by Anton Gustafsson.
7:04 of 2nd period - Shot Blocked by Bobby Sanguinetti.
7:06 of 2nd period - Snap shot by Blake Geoffrion.
7:06 of 2nd period - Stopped by Martin Jones with a rebound.
7:08 of 2nd period - Wrist shot by Jeremy Williams.
7:08 of 2nd period - Shot Blocked by Rhett Rakhshani.
7:10 of 2nd period - Slapshot by David Schlemko.
7:10 of 2nd period - Deflect By Blake Geoffrion.
7:10 of 2nd period - Stopped by Martin Jones without a rebound.
7:11 of 2nd period - Anton Gustafsson wins face-off versus Nathan MacKinnon in Saguenéens zone.
7:14 of 2nd period - Backhand shot by Jeremy Williams.
7:14 of 2nd period - Shot Misses the Net.
7:16 of 2nd period - Minor Penalty to Kerby Rychel for Hooking.
7:17 of 2nd period - Kyle Brodziak wins face-off versus Blake Geoffrion in Saguenéens zone.
8:58 of 2nd period - Icing by Blake Geoffrion.
8:59 of 2nd period - Kyle Brodziak wins face-off versus Anton Gustafsson in Carnivores zone.
9:08 of 2nd period - Dalton Prout is hit by Jeremy Welsh and loses puck.
9:16 of 2nd period - Penalty to Kerby Rychel is over, Kerby Rychel is back on ice.
9:25 of 2nd period - Slapshot by Nathan MacKinnon.
9:25 of 2nd period - Stopped by Tristan Jarry with a rebound.
9:27 of 2nd period - Snap shot by Kerby Rychel.
9:27 of 2nd period - Deflect By Rhett Rakhshani.
9:27 of 2nd period - Shot Misses the Net.
9:27 of 2nd period - Puck is out of play.
9:28 of 2nd period - Juraj Mikus wins face-off versus Zack Smith in Carnivores zone.
9:31 of 2nd period - Wrist shot by Tobias Rieder.
9:31 of 2nd period - Stopped by Tristan Jarry with a rebound.
9:37 of 2nd period - Snap shot by Zack Smith.
9:37 of 2nd period - Shot Blocked by Seth Jones.
10:47 of 2nd period - Slapshot by Dalton Prout.
10:47 of 2nd period - Stopped by Tristan Jarry with a rebound.
10:49 of 2nd period - Snap shot by Bobby Sanguinetti.
10:49 of 2nd period - Shot Misses the Net.
11:14 of 2nd period - Off-side.
11:15 of 2nd period - Anton Gustafsson wins face-off versus Juraj Mikus in neutral zone.
11:24 of 2nd period - Wrist shot by Jeremy Williams.
11:24 of 2nd period - Stopped by Martin Jones without a rebound.
11:25 of 2nd period - Kyle Brodziak wins face-off versus Anton Gustafsson in Saguenéens zone.
11:56 of 2nd period - Snap shot by Chris Lawrence.
11:56 of 2nd period - Shot Misses the Net.
11:58 of 2nd period - Slapshot by Josh Manson.
11:58 of 2nd period - Deflect By Markus Granlund.
11:58 of 2nd period - Stopped by Martin Jones with a rebound.
12:00 of 2nd period - Snap shot by Chris Lawrence.
12:00 of 2nd period - Shot Misses the Net.
12:02 of 2nd period - Slapshot by Markus Granlund.
12:02 of 2nd period - Shot Misses the Net.
12:21 of 2nd period - Wrist shot by Bobby Sanguinetti.
12:21 of 2nd period - Stopped by Tristan Jarry without a rebound.
12:22 of 2nd period - Kyle Brodziak wins face-off versus Anton Gustafsson in Carnivores zone.
12:37 of 2nd period - Wrist shot by Jeremy Williams.
12:37 of 2nd period - Goal by Jeremy Williams - Carnivores : 1 - Saguenéens : 1.
12:38 of 2nd period - Anton Gustafsson wins face-off versus Kyle Brodziak in neutral zone.
12:43 of 2nd period - Bobby Sanguinetti is hit by Blake Geoffrion and loses puck.
13:07 of 2nd period - Minor Penalty to Dalton Prout for Hooking.
13:08 of 2nd period - Anton Gustafsson wins face-off versus Kyle Brodziak in Saguenéens zone.
13:13 of 2nd period - Snap shot by Anton Gustafsson.
13:13 of 2nd period - Stopped by Martin Jones with a rebound.
13:38 of 2nd period - Icing by Markus Granlund.
13:39 of 2nd period - Markus Granlund wins face-off versus Tobias Rieder in Carnivores zone.
14:02 of 2nd period - Slapshot by Nate Schmidt.
14:02 of 2nd period - Stopped by Martin Jones without a rebound.
14:03 of 2nd period - Kyle Brodziak wins face-off versus Anton Gustafsson in Saguenéens zone.
14:10 of 2nd period - Snap shot by Anton Gustafsson.
14:10 of 2nd period - Stopped by Martin Jones with a rebound.
14:12 of 2nd period - Slapshot by Blake Geoffrion.
14:12 of 2nd period - Shot Blocked by Kyle Brodziak.
14:14 of 2nd period - Wrist shot by Anton Gustafsson.
14:14 of 2nd period - Shot Blocked by Mike Sauer.
14:16 of 2nd period - Slapshot by Mat Clark.
14:16 of 2nd period - Shot Misses the Net.
14:18 of 2nd period - Wrist shot by Anton Gustafsson.
14:18 of 2nd period - Stopped by Martin Jones with a rebound.
14:52 of 2nd period - Bobby Sanguinetti is hit by Anton Gustafsson and loses puck.
15:07 of 2nd period - Penalty to Dalton Prout is over, Dalton Prout is back on ice.
15:49 of 2nd period - Slapshot by Rhett Rakhshani.
15:49 of 2nd period - Stopped by Tristan Jarry with a rebound.
16:11 of 2nd period - Snap shot by Blake Geoffrion.
16:11 of 2nd period - Stopped by Martin Jones without a rebound.
16:12 of 2nd period - Frederik Gauthier wins face-off versus Kyle Brodziak in Saguenéens zone.
16:16 of 2nd period - Wrist shot by Frederik Gauthier.
16:16 of 2nd period - Stopped by Martin Jones with a rebound.
16:18 of 2nd period - Slapshot by Blake Geoffrion.
16:18 of 2nd period - Deflect By Hunter Shinkaruk.
16:18 of 2nd period - Goal by Hunter Shinkaruk - Carnivores : 2 - Saguenéens : 1.
16:19 of 2nd period - Anton Gustafsson wins face-off versus Kyle Brodziak in neutral zone.
16:21 of 2nd period - Off-side.
16:22 of 2nd period - Kyle Brodziak wins face-off versus Anton Gustafsson in neutral zone.
16:24 of 2nd period - Minor Penalty to Luke Witkowski for Holding.
16:25 of 2nd period - Anton Gustafsson wins face-off versus Kyle Brodziak in Saguenéens zone.
16:55 of 2nd period - Snap shot by Kyle Brodziak.
16:55 of 2nd period - Stopped by Tristan Jarry with a rebound.
17:03 of 2nd period - Backhand shot by Jeremy Williams.
17:03 of 2nd period - Shot Misses the Net.
17:57 of 2nd period - Icing by Blake Geoffrion.
17:58 of 2nd period - Anton Gustafsson wins face-off versus Mikhail Grigorenko in Carnivores zone.
18:24 of 2nd period - Penalty to Luke Witkowski is over, Luke Witkowski is back on ice.
18:35 of 2nd period - Snap shot by Nathan MacKinnon.
18:35 of 2nd period - Shot Misses the Net.
18:42 of 2nd period - Minor Penalty to David Schlemko for Tripping.
18:43 of 2nd period - Kyle Brodziak wins face-off versus Frederik Gauthier in Carnivores zone.
18:45 of 2nd period - Snap shot by Luke Witkowski.
18:45 of 2nd period - Shot Misses the Net.
18:47 of 2nd period - Snap shot by Kyle Brodziak.
18:47 of 2nd period - Goal by Kyle Brodziak - Carnivores : 2 - Saguenéens : 2.
18:48 of 2nd period - Kyle Brodziak wins face-off versus Anton Gustafsson in neutral zone.
18:53 of 2nd period - Snap shot by Kyle Brodziak.
18:53 of 2nd period - Goal by Kyle Brodziak - Carnivores : 2 - Saguenéens : 3.
18:54 of 2nd period - Blake Geoffrion wins face-off versus Kyle Brodziak in neutral zone.
18:57 of 2nd period - Slapshot by Sasha Pokulok.
18:57 of 2nd period - Shot Misses the Net.
19:03 of 2nd period - Wrist shot by Anton Gustafsson.
19:03 of 2nd period - Shot Blocked by Bobby Sanguinetti.
19:05 of 2nd period - Slapshot by Sasha Pokulok.
19:05 of 2nd period - Shot Blocked by Kyle Brodziak.
19:07 of 2nd period - Slapshot by Jeremy Williams.
19:07 of 2nd period - Stopped by Martin Jones with a rebound.
19:09 of 2nd period - Wrist shot by Jeremy Williams.
19:09 of 2nd period - Stopped by Martin Jones without a rebound.
19:10 of 2nd period - Juraj Mikus wins face-off versus Markus Granlund in Saguenéens zone.
19:23 of 2nd period - Wrist shot by Teemu Pulkkinen.
19:23 of 2nd period - Goal by Teemu Pulkkinen - Carnivores : 2 - Saguenéens : 4.
19:24 of 2nd period - Anton Gustafsson wins face-off versus Kyle Brodziak in neutral zone.
19:31 of 2nd period - Wrist shot by Jeremy Williams.
19:31 of 2nd period - Shot Misses the Net.
19:56 of 2nd period - Dalton Prout is hit by Mat Clark and loses puck.
Goals for this period are 2 for Carnivores vs 3 for Saguenéens.
Shots for this period are 15 for Carnivores vs 15 for Saguenéens.
3rd period
0:01 of 3rd period - Kyle Brodziak wins face-off versus Anton Gustafsson in neutral zone.
0:04 of 3rd period - Slapshot by Bobby Sanguinetti.
0:04 of 3rd period - Shot Misses the Net.
0:06 of 3rd period - Snap shot by Luke Witkowski.
0:06 of 3rd period - Deflect By Blake Geoffrion.
0:06 of 3rd period - Shot Blocked by Anton Gustafsson.
0:06 of 3rd period - Puck is out of play.
0:07 of 3rd period - Luke Witkowski wins face-off versus Anton Gustafsson in Carnivores zone.
0:08 of 3rd period - Snap shot by Kyle Brodziak.
0:08 of 3rd period - Deflect By Craig Cunningham.
0:08 of 3rd period - Stopped by Tristan Jarry without a rebound.
0:09 of 3rd period - Luke Witkowski wins face-off versus Anton Gustafsson in Carnivores zone.
0:28 of 3rd period - Snap shot by Kyle Brodziak.
0:28 of 3rd period - Stopped by Tristan Jarry with a rebound.
0:36 of 3rd period - Snap shot by Luke Witkowski.
0:36 of 3rd period - Shot Blocked by Nate Schmidt.
0:38 of 3rd period - Slapshot by Kyle Brodziak.
0:38 of 3rd period - Shot Misses the Net.
0:40 of 3rd period - Snap shot by Luke Witkowski.
0:40 of 3rd period - Stopped by Tristan Jarry without a rebound.
0:41 of 3rd period - Juraj Mikus wins face-off versus Markus Granlund in Carnivores zone.
0:42 of 3rd period - Backhand shot by Seth Jones.
0:42 of 3rd period - Stopped by Tristan Jarry with a rebound.
1:06 of 3rd period - Nicolas Kerdiles is hit by Nathan MacKinnon and loses puck.
1:43 of 3rd period - Bobby Sanguinetti is hit by Chris Lawrence and loses puck.
3:03 of 3rd period - Snap shot by Zack Smith.
3:03 of 3rd period - Stopped by Martin Jones without a rebound.
3:04 of 3rd period - Zack Smith wins face-off versus Kyle Brodziak in Saguenéens zone.
3:09 of 3rd period - Slapshot by Zack Smith.
3:09 of 3rd period - Stopped by Martin Jones with a rebound.
3:11 of 3rd period - Slapshot by Nicolas Kerdiles.
3:11 of 3rd period - Deflect By Mark McNeill.
3:11 of 3rd period - Stopped by Martin Jones with a rebound.
3:35 of 3rd period - Icing by Chris Lawrence.
3:36 of 3rd period - Markus Granlund wins face-off versus Kyle Brodziak in Carnivores zone.
3:43 of 3rd period - Wrist shot by Luke Witkowski.
3:43 of 3rd period - Deflect By Josh Manson.
3:43 of 3rd period - Stopped by Tristan Jarry with a rebound.
3:45 of 3rd period - Slapshot by Mike Sauer.
3:45 of 3rd period - Stopped by Tristan Jarry with a rebound.
3:47 of 3rd period - Wrist shot by Mike Sauer.
3:47 of 3rd period - Stopped by Tristan Jarry without a rebound.
3:48 of 3rd period - Anton Gustafsson wins face-off versus Kyle Brodziak in Carnivores zone.
4:07 of 3rd period - Anton Gustafsson is hit by Kyle Brodziak and loses puck.
5:00 of 3rd period - Slapshot by Dalton Prout.
5:00 of 3rd period - Stopped by Tristan Jarry with a rebound.
5:09 of 3rd period - Off-side.
5:10 of 3rd period - Kyle Brodziak wins face-off versus Chris Lawrence in neutral zone.
5:35 of 3rd period - Teemu Pulkkinen is hit by Blake Geoffrion and loses puck.
5:56 of 3rd period - Snap shot by Rhett Rakhshani.
5:56 of 3rd period - Stopped by Tristan Jarry with a rebound.
5:58 of 3rd period - Slapshot by Kerby Rychel.
5:58 of 3rd period - Shot Misses the Net.
6:54 of 3rd period - Mat Clark is hit by Tobias Rieder and loses puck.
7:07 of 3rd period - Snap shot by Kerby Rychel.
7:07 of 3rd period - Stopped by Tristan Jarry without a rebound.
7:08 of 3rd period - Jeremy Williams wins face-off versus Rhett Rakhshani in Carnivores zone.
7:39 of 3rd period - Snap shot by Kyle Brodziak.
7:39 of 3rd period - Shot Misses the Net.
8:15 of 3rd period - Slapshot by Tanner Richard.
8:15 of 3rd period - Shot Blocked by Blake Geoffrion.
8:17 of 3rd period - Snap shot by Tanner Richard.
8:17 of 3rd period - Stopped by Tristan Jarry without a rebound.
8:18 of 3rd period - Kyle Brodziak wins face-off versus Chris Lawrence in Carnivores zone.
8:21 of 3rd period - Snap shot by Luke Witkowski.
8:21 of 3rd period - Shot Misses the Net.
8:29 of 3rd period - Wrist shot by Markus Granlund.
8:29 of 3rd period - Shot Misses the Net.
8:49 of 3rd period - Off-side.
8:50 of 3rd period - Juraj Mikus wins face-off versus Anton Gustafsson in neutral zone.
9:10 of 3rd period - Anton Gustafsson is hit by Juraj Mikus and loses puck.
10:21 of 3rd period - Bobby Sanguinetti is hit by Jeremy Welsh and loses puck.
11:14 of 3rd period - Snap shot by Craig Cunningham.
11:14 of 3rd period - Stopped by Tristan Jarry without a rebound.
11:15 of 3rd period - Kyle Brodziak wins face-off versus Frederik Gauthier in Carnivores zone.
11:53 of 3rd period - Wrist shot by Juraj Mikus.
11:53 of 3rd period - Shot Misses the Net.
11:59 of 3rd period - Wrist shot by Tobias Rieder.
11:59 of 3rd period - Shot Misses the Net.
12:01 of 3rd period - Slapshot by Mike Sauer.
12:01 of 3rd period - Stopped by Tristan Jarry without a rebound.
12:02 of 3rd period - Kyle Brodziak wins face-off versus Anton Gustafsson in Carnivores zone.
12:03 of 3rd period - Backhand shot by Craig Cunningham.
12:03 of 3rd period - Shot Blocked by Sasha Pokulok.
12:05 of 3rd period - Wrist shot by Luke Witkowski.
12:05 of 3rd period - Shot Misses the Net.
12:07 of 3rd period - Snap shot by Luke Witkowski.
12:07 of 3rd period - Goal by Luke Witkowski - Carnivores : 2 - Saguenéens : 5.
12:08 of 3rd period - Kyle Brodziak wins face-off versus Anton Gustafsson in neutral zone.
12:11 of 3rd period - Anton Gustafsson is hit by Dalton Prout and loses puck.
13:00 of 3rd period - Minor Penalty to Mark McNeill for Hooking.
13:01 of 3rd period - Kyle Brodziak wins face-off versus Frederik Gauthier in Carnivores zone.
13:02 of 3rd period - Slapshot by Seth Jones.
13:02 of 3rd period - Goal by Seth Jones - Carnivores : 2 - Saguenéens : 6.
13:03 of 3rd period - Anton Gustafsson wins face-off versus Kyle Brodziak in neutral zone.
13:28 of 3rd period - Dalton Prout is hit by Jeremy Welsh and loses puck.
14:06 of 3rd period - Minor Penalty to Zack Smith for Cross-checking.
14:07 of 3rd period - Kyle Brodziak wins face-off versus Frederik Gauthier in Carnivores zone.
14:12 of 3rd period - Wrist shot by Chris Lawrence.
14:12 of 3rd period - Shot Blocked by Luke Witkowski.
14:14 of 3rd period - Slapshot by David Schlemko.
14:14 of 3rd period - Shot Misses the Net.
16:06 of 3rd period - Penalty to Zack Smith is over, Zack Smith is back on ice.
16:11 of 3rd period - Slapshot by Dalton Prout.
16:11 of 3rd period - Shot Blocked by Nate Schmidt.
16:14 of 3rd period - Icing by Nate Schmidt.
16:15 of 3rd period - Markus Granlund wins face-off versus Nathan MacKinnon in Carnivores zone.
18:13 of 3rd period - Backhand shot by Jake McCabe.
18:13 of 3rd period - Stopped by Tristan Jarry without a rebound.
18:14 of 3rd period - Anton Gustafsson wins face-off versus Kyle Brodziak in Carnivores zone.
18:14 of 3rd period - Anton Gustafsson is hit by Dalton Prout.
19:15 of 3rd period - Slapshot by Bobby Sanguinetti.
19:15 of 3rd period - Deflect By Nicolas Kerdiles.
19:15 of 3rd period - Stopped by Tristan Jarry without a rebound.
19:16 of 3rd period - Tanner Richard wins face-off versus Curtis Lazar in Carnivores zone.
19:23 of 3rd period - Wrist shot by Jerry D'Amigo.
19:23 of 3rd period - Stopped by Tristan Jarry without a rebound.
19:24 of 3rd period - Curtis Lazar wins face-off versus Kyle Brodziak in Carnivores zone.
19:26 of 3rd period - Minor Penalty to Mark McNeill for Holding Stick.
19:27 of 3rd period - Kyle Brodziak wins face-off versus Frederik Gauthier in Carnivores zone.
19:31 of 3rd period - Snap shot by Luke Witkowski.
19:31 of 3rd period - Goal by Luke Witkowski - Carnivores : 2 - Saguenéens : 7.
19:32 of 3rd period - Anton Gustafsson wins face-off versus Kyle Brodziak in neutral zone.
19:48 of 3rd period - Wrist shot by Kyle Brodziak.
19:48 of 3rd period - Stopped by Tristan Jarry without a rebound.
19:49 of 3rd period - Markus Granlund wins face-off versus Juraj Mikus in Carnivores zone.
19:51 of 3rd period - Minor Penalty to Markus Granlund for Hooking.
19:52 of 3rd period - Kyle Brodziak wins face-off versus Frederik Gauthier in Carnivores zone.
Goals for this period are 0 for Carnivores vs 3 for Saguenéens.
Shots for this period are 3 for Carnivores vs 20 for Saguenéens.
Back to the Top